TOP OF THE 1ST |
Newark Bulldogs batting - Pitching for Penquannock Overrated Jeter : LHP Salvador Castro
|
Pitching: LHP Salvador Castro
|
|
Batting: LHB Gerardo Guzmán
|
0-0: Called Strike 0-1: SOLO HOME RUN (Flyball, 78XD), Distance : 414 ft
|
Batting: RHB Leonardo Pinto
|
0-0: Foul Ball, location: 2F 0-1: Swinging Strike 0-2: Ball 1-2: Ball 2-2: Foul Ball, location: 2F 2-2: Ball 3-2: Strikes out swinging
|
Batting: RHB Carl Byrd
|
0-0: Foul Ball, location: 2F 0-1: SINGLE (Flyball, 4MD)
|
Batting: RHB Randy Simons
|
0-0: Ball 1-0: Ball 2-0: Ball 3-0: Base on Balls Carl Byrd to second
|
Batting: RHB Larry Booth
|
0-0: Called Strike 0-1: Ball 1-1: Foul Ball, location: 2F 1-2: Strikes out looking
|
Batting: RHB Perry Henry
|
0-0: Ball 1-0: Foul Ball, location: 2F 1-1: Foul Ball, location: 2F 1-2: Foul Ball, location: 2F 1-2: Ball 2-2: DOUBLE (Flyball, 78D) Carl Byrd scores Randy Simons to third
|
Batting: LHB Marvin Morris
|
0-0: Foul Ball, location: 2F 0-1: Ball 1-1: Called Strike 1-2: Strikes out swinging
|
Top of the 1st over - 2 run(s), 3 hit(s), 0 error(s), 2 left on base; Newark 2 - Penquannock 0 |
BOTTOM OF THE 1ST |
Penquannock Overrated Jeter batting - Pitching for Newark Bulldogs : RHP Jim Cook
|
Pitching: RHP Jim Cook
|
|
Batting: RHB António Rodríguez
|
0-0: Ball 1-0: Foul Ball, location: 2F 1-1: Swinging Strike 1-2: Ball 2-2: Ball 3-2: Base on Balls
|
Batting: SHB Caden Keith
|
0-0: Ball 1-0: Foul Ball, location: 2F 1-1: Ball 2-1: Ball 3-1: Fielders Choice at 2nd, 1-4 (Groundball, 15)
|
Batting: RHB Doug Brown
|
0-0: Ball 1-0: Ball Caden Keith steals 2nd base 2-0: Ground out 5-3 (Groundball, 56)
|
Batting: LHB Ron Robinson
|
0-0: Ball 1-0: Ball 2-0: Ball 3-0: Called Strike 3-1: Foul Ball, location: 2F 3-2: Base on Balls
|
Batting: LHB Pete Weber
|
0-0: Ball 1-0: Called Strike 1-1: Ball 2-1: Ball 3-1: SINGLE (Groundball, 5D) Caden Keith to third Ron Robinson to second Runner from 3rd tries for Home, SAFE, no throw or cutoff
|
Batting: LHB Tony Green
|
0-0: Foul Ball, location: 2F 0-1: SINGLE (Groundball, 6MD) Ron Robinson to third Pete Weber to second Runner from 3rd tries for Home, SAFE, no throw or cutoff
|
Batting: RHB Tim Hanson
|
0-0: Swinging Strike 0-1: Foul Ball, location: 2F 0-2: Foul Ball, location: 2F 0-2: Reached on error, E6 (Groundball, 6M) Pete Weber to third Tony Green to second
|
Batting: RHB Armando Pagán
|
0-0: Ball 1-0: Foul Ball, location: 2F 1-1: Ground out 4-3 (Groundball, 4)
|
Bottom of the 1st over - 2 run(s), 2 hit(s), 1 error(s), 3 left on base; Newark 2 - Penquannock 2 |
TOP OF THE 2ND |
Newark Bulldogs batting - Pitching for Penquannock Overrated Jeter : LHP Salvador Castro
|
Batting: RHB António Flores
|
0-0: Called Strike 0-1: Called Strike 0-2: Ball 1-2: Ground out 5-3 (Groundball, 15S)
|
Batting: RHB Pablo Gómez
|
0-0: DOUBLE (Line Drive, 8LXD) - OUT at third base trying to stretch hit.
|
Batting: LHB Gerardo Guzmán
|
0-0: Ball 1-0: Swinging Strike 1-1: Ground out 4-3 (Groundball, 34)
|
Top of the 2nd over - 0 run(s), 1 hit(s), 0 error(s), 0 left on base; Newark 2 - Penquannock 2 |
BOTTOM OF THE 2ND |
Penquannock Overrated Jeter batting - Pitching for Newark Bulldogs : RHP Jim Cook
|
Batting: LHB Dave Pitts
|
0-0: Ball 1-0: Ball 2-0: Called Strike 2-1: Ball 3-1: Swinging Strike 3-2: Base on Balls
|
Batting: RHB António Rodríguez
|
0-0: Ball 1-0: SINGLE (Groundball, 6D) Dave Pitts to second
|
Batting: SHB Caden Keith
|
0-0: Called Strike 0-1: Foul Ball, location: 2F 0-2: Foul Ball, location: 2F 0-2: Ball 1-2: Ball 2-2: Hit by Pitch Dave Pitts to third António Rodríguez to second
|
Batting: RHB Doug Brown
|
0-0: Ball 1-0: Ball 2-0: Foul Ball, location: 2F 2-1: Fly out, F3 (Popup, 3DF)
|
Batting: LHB Ron Robinson
|
0-0: Ball 1-0: Ball 2-0: Ball 3-0: Base on Balls Dave Pitts scores António Rodríguez to third Caden Keith to second
|
Batting: LHB Pete Weber
|
0-0: Called Strike 0-1: Ball 1-1: SINGLE (Line Drive, 34) António Rodríguez scores Caden Keith to third Ron Robinson to second Runner from 3rd tries for Home, SAFE, no throw or cutoff
|
Batting: LHB Tony Green
|
0-0: Ball 1-0: Ball 2-0: Ball 3-0: Base on Balls Ron Robinson to third Pete Weber to second
|
Batting: RHB Tim Hanson
|
0-0: Ball 1-0: Ball 2-0: Ball 3-0: Base on Balls Ron Robinson scores Pete Weber to third Tony Green to second
|
Batting: RHB Armando Pagán
|
0-0: SINGLE (Flyball, 7S) Pete Weber scores Tony Green to third Tim Hanson to second
|
Batting: LHB Dave Pitts
|
0-0: Ball 1-0: Ball 2-0: Ball 3-0: Fly out, F8 (Flyball, 8RS)
|
Batting: RHB António Rodríguez
|
0-0: Ball 1-0: Swinging Strike 1-1: Ball 2-1: Ground out 5-3 (Groundball, 5)
|
Bottom of the 2nd over - 5 run(s), 3 hit(s), 0 error(s), 3 left on base; Newark 2 - Penquannock 7 |
TOP OF THE 3RD |
Newark Bulldogs batting - Pitching for Penquannock Overrated Jeter : LHP Salvador Castro
|
Batting: RHB Leonardo Pinto
|
0-0: Ball 1-0: Foul Ball, location: 2F 1-1: Swinging Strike 1-2: Ball 2-2: Ball 3-2: Base on Balls
|
Batting: RHB Carl Byrd
|
0-0: Called Strike 0-1: Called Strike 0-2: TRIPLE (Line Drive, 78XD) Leonardo Pinto scores
|
Batting: RHB Randy Simons
|
0-0: Ball 1-0: Ground out 5-3 (Groundball, 5L)
|
Batting: RHB Larry Booth
|
0-0: Called Strike 0-1: Ball 1-1: Swinging Strike 1-2: Fly out, F5 (Popup, 5SF)
|
Batting: RHB Perry Henry
|
0-0: Called Strike 0-1: Swinging Strike 0-2: Foul Ball, location: 2F 0-2: Ball 1-2: Strikes out swinging
|
Top of the 3rd over - 1 run(s), 1 hit(s), 0 error(s), 1 left on base; Newark 3 - Penquannock 7 |
BOTTOM OF THE 3RD |
Penquannock Overrated Jeter batting - Pitching for Newark Bulldogs : RHP Jim Cook
|
Batting: SHB Caden Keith
|
0-0: Fly out, F8 (Flyball, 8LD)
|
Batting: RHB Doug Brown
|
0-0: Ball 1-0: SINGLE (Groundball, 5L)
|
Batting: LHB Ron Robinson
|
0-0: Ball 1-0: Called Strike 1-1: Ball 2-1: SINGLE (Line Drive, 9S) Doug Brown to second
|
Batting: LHB Pete Weber
|
0-0: Called Strike 0-1: Ball 1-1: Ball 2-1: Called Strike 2-2: Ball 3-2: Fielders Choice at 2nd, 1-6 (Groundball, 13) Doug Brown to third
|
Batting: LHB Tony Green
|
0-0: Ball 1-0: Ball 2-0: Swinging Strike 2-1: Foul Ball, location: 2F 2-2: Foul Ball, location: 2F 2-2: Ball 3-2: Ground out 6-3 (Groundball, 6)
|
Bottom of the 3rd over - 0 run(s), 2 hit(s), 0 error(s), 2 left on base; Newark 3 - Penquannock 7 |
TOP OF THE 4TH |
Newark Bulldogs batting - Pitching for Penquannock Overrated Jeter : LHP Salvador Castro
|
Batting: LHB Marvin Morris
|
0-0: Ball 1-0: Foul Ball, location: 2F 1-1: Ball 2-1: Swinging Strike 2-2: Foul Ball, location: 2F 2-2: Strikes out swinging
|
Batting: RHB António Flores
|
0-0: Called Strike 0-1: Swinging Strike 0-2: Strikes out swinging
|
Batting: RHB Pablo Gómez
|
0-0: Ground out 5-3 (Groundball, 5S)
|
Top of the 4th over - 0 run(s), 0 hit(s), 0 error(s), 0 left on base; Newark 3 - Penquannock 7 |
BOTTOM OF THE 4TH |
Penquannock Overrated Jeter batting - Pitching for Newark Bulldogs : RHP Jim Cook
|
Pitching: RHP Jesús Salazar
|
|
Batting: RHB Tim Hanson
|
0-0: Ball 1-0: Fly out, F8 (Flyball, 8LXD)
|
Batting: RHB Armando Pagán
|
0-0: DOUBLE (Line Drive, 9LS)
|
Batting: LHB Dave Pitts
|
0-0: Ball 1-0: Ball 2-0: Hit by Pitch
|
Batting: RHB António Rodríguez
|
0-0: Called Strike 0-1: Foul Ball, location: 2F 0-2: SINGLE (Line Drive, 8LS) Armando Pagán to third Dave Pitts to second Runner from 3rd tries for Home, SAFE, no throw or cutoff
|
Batting: SHB Caden Keith
|
0-0: Foul Ball, location: 2F 0-1: Ball 1-1: Foul Ball, location: 2F 1-2: Ball 2-2: Ball 3-2: Base on Balls Dave Pitts to third António Rodríguez to second
|
Batting: RHB Doug Brown
|
0-0: Called Strike 0-1: Foul Ball, location: 2F 0-2: Foul Ball, location: 2F 0-2: SINGLE (Line Drive, 6M) Dave Pitts scores António Rodríguez to third Caden Keith to second
|
Batting: LHB Ron Robinson
|
0-0: Ball 1-0: Foul Ball, location: 2F 1-1: Foul Ball, location: 2F 1-2: SINGLE (Groundball, 4MD) (infield hit) António Rodríguez scores Caden Keith to third Doug Brown to second
|
Pitching: RHP Chris Johns
|
|
Batting: LHB Pete Weber
|
0-0: Called Strike 0-1: Fly out, F7 (Flyball, 7M) Runner from 3rd tags up, SCORES, no throw
|
Batting: LHB Tony Green
|
0-0: Foul Ball, location: 2F 0-1: Ball 1-1: Fly out, F7 (Flyball, 78S)
|
Bottom of the 4th over - 4 run(s), 4 hit(s), 0 error(s), 2 left on base; Newark 3 - Penquannock 11 |
TOP OF THE 5TH |
Newark Bulldogs batting - Pitching for Penquannock Overrated Jeter : LHP Salvador Castro
|
Batting: LHB Gerardo Guzmán
|
0-0: Ball 1-0: Ball 2-0: Called Strike 2-1: Ground out U3 (Groundball, 3)
|
Batting: RHB Leonardo Pinto
|
0-0: Ground out 6-3 (Groundball, 6)
|
Batting: RHB Carl Byrd
|
0-0: Ball 1-0: Swinging Strike 1-1: Foul Ball, location: 2F 1-2: Ground out 5-3 (Groundball, 56)
|
Top of the 5th over - 0 run(s), 0 hit(s), 0 error(s), 0 left on base; Newark 3 - Penquannock 11 |
BOTTOM OF THE 5TH |
Penquannock Overrated Jeter batting - Pitching for Newark Bulldogs : RHP Chris Johns
|
Batting: RHB Tim Hanson
|
0-0: SINGLE (Line Drive, 7S)
|
Batting: RHB Armando Pagán
|
0-0: Ball 1-0: Ball 2-0: Ball 3-0: Called Strike 3-1: Foul Ball, location: 2F 3-2: Strikes out looking
|
Batting: LHB Dave Pitts
|
0-0: Called Strike 0-1: Grounds into double play, 6-4-3 (Groundball, 6)
|
Bottom of the 5th over - 0 run(s), 1 hit(s), 0 error(s), 0 left on base; Newark 3 - Penquannock 11 |
TOP OF THE 6TH |
Newark Bulldogs batting - Pitching for Penquannock Overrated Jeter : LHP Salvador Castro
|
Batting: RHB Randy Simons
|
0-0: Ball 1-0: Foul Ball, location: 2F 1-1: Ball 2-1: Ball 3-1: Foul Ball, location: 2F 3-2: Base on Balls
|
Batting: RHB Larry Booth
|
0-0: Ball 1-0: Ball 2-0: Ball 3-0: Base on Balls Randy Simons to second
|
Pitching: RHP Dave Nelson
|
|
Batting: RHB Perry Henry
|
0-0: Ball 1-0: Ball 2-0: Called Strike 2-1: Ball 3-1: Swinging Strike 3-2: Base on Balls Randy Simons to third Larry Booth to second
|
Batting: LHB Marvin Morris
|
0-0: Called Strike 0-1: Swinging Strike 0-2: Ball 1-2: Ball 2-2: DOUBLE (Flyball, 8RXD) Randy Simons scores Larry Booth scores Perry Henry to third
|
Batting: RHB António Flores
|
0-0: Ball 1-0: Called Strike 1-1: Foul Ball, location: 2F 1-2: Strikes out swinging
|
Batting: RHB Pablo Gómez
|
0-0: Hit by Pitch
|
Batting: LHB Gerardo Guzmán
|
0-0: Called Strike 0-1: Foul Ball, location: 2F 0-2: Strikes out looking
|
Batting: RHB Leonardo Pinto
|
0-0: Fly out, F9 (Flyball, 9M)
|
Top of the 6th over - 2 run(s), 1 hit(s), 0 error(s), 3 left on base; Newark 5 - Penquannock 11 |
BOTTOM OF THE 6TH |
Penquannock Overrated Jeter batting - Pitching for Newark Bulldogs : RHP Chris Johns
|
Batting: RHB António Rodríguez
|
0-0: Called Strike 0-1: Ball 1-1: Ball 2-1: Called Strike 2-2: Ground out 6-3 (Groundball, 56)
|
Batting: SHB Caden Keith
|
0-0: Fly out, F6 (Line Drive, 56)
|
Batting: RHB Doug Brown
|
0-0: Swinging Strike 0-1: Ball 1-1: Swinging Strike 1-2: Foul Ball, location: 2F 1-2: Ball 2-2: Foul Ball, location: 2F 2-2: Strikes out looking
|
Bottom of the 6th over - 0 run(s), 0 hit(s), 0 error(s), 0 left on base; Newark 5 - Penquannock 11 |
TOP OF THE 7TH |
Newark Bulldogs batting - Pitching for Penquannock Overrated Jeter : RHP Dave Nelson
|
Batting: RHB Carl Byrd
|
0-0: Ball 1-0: Fly out, F3 (Popup, 3SF)
|
Batting: RHB Randy Simons
|
0-0: Ball 1-0: Swinging Strike 1-1: DOUBLE (Groundball, 5L)
|
Batting: RHB Larry Booth
|
0-0: Called Strike 0-1: Ball 1-1: Swinging Strike 1-2: Strikes out swinging
|
Batting: RHB Perry Henry
|
0-0: Ball 1-0: Fly out, F8 (Flyball, 8LM)
|
Top of the 7th over - 0 run(s), 1 hit(s), 0 error(s), 1 left on base; Newark 5 - Penquannock 11 |
BOTTOM OF THE 7TH |
Penquannock Overrated Jeter batting - Pitching for Newark Bulldogs : RHP Chris Johns
|
Pitching: LHP José Alaniz
|
|
Batting: LHB Ron Robinson
|
0-0: Ball 1-0: Ball 2-0: Fly out, F9 (Line Drive, 89M)
|
Batting: LHB Pete Weber
|
0-0: Ball 1-0: Ball 2-0: Ball 3-0: Base on Balls
|
Batting: LHB Tony Green
|
0-0: Ball 1-0: Called Strike 1-1: Ball 2-1: Foul Ball, location: 2F 2-2: Foul Ball, location: 2F 2-2: Ball 3-2: Foul Ball, location: 2F 3-2: Base on Balls Pete Weber to second
|
Batting: RHB Tim Hanson
|
0-0: Ball 1-0: Fly out, F9 (Line Drive, 89S)
|
Batting: RHB Armando Pagán
|
0-0: Ball 1-0: Called Strike 1-1: Fly out, F7 (Flyball, 7LD)
|
Bottom of the 7th over - 0 run(s), 0 hit(s), 0 error(s), 2 left on base; Newark 5 - Penquannock 11 |
TOP OF THE 8TH |
Newark Bulldogs batting - Pitching for Penquannock Overrated Jeter : RHP Dave Nelson
|
Pitching: RHP Javier González
|
|
Batting: LHB Marvin Morris
|
0-0: Ball 1-0: Foul Ball, location: 2F 1-1: Called Strike 1-2: Ball 2-2: Ball 3-2: Foul Ball, location: 2F 3-2: SINGLE (Groundball, 4MD)
|
Batting: RHB António Flores
|
0-0: Swinging Strike 0-1: Ball 1-1: Ball 2-1: Swinging Strike 2-2: Strikes out swinging
|
Batting: RHB Pablo Gómez
|
0-0: Called Strike 0-1: Ball 1-1: Ball 2-1: Swinging Strike 2-2: Strikes out swinging
|
Batting: LHB Gerardo Guzmán
|
0-0: Ball 1-0: Fly out, F8 (Line Drive, 8RM)
|
Top of the 8th over - 0 run(s), 1 hit(s), 0 error(s), 1 left on base; Newark 5 - Penquannock 11 |
BOTTOM OF THE 8TH |
Penquannock Overrated Jeter batting - Pitching for Newark Bulldogs : LHP José Alaniz
|
Batting: LHB Dave Pitts
|
0-0: Ball 1-0: Ball 2-0: Foul Ball, location: 2F 2-1: Ball 3-1: Base on Balls
|
Batting: RHB António Rodríguez
|
0-0: Ball 1-0: Bunt missed! 1-1: Bunted foul 1-2: Ball 2-2: Foul Ball, location: 2F 2-2: Fly out, F6 (Popup, 6MD)
|
Batting: SHB Caden Keith
|
0-0: Foul Ball, location: 2F 0-1: Ball 1-1: Swinging Strike 1-2: Ball 2-2: Ball 3-2: Fly out, F9 (Flyball, 89M)
|
Batting: RHB Doug Brown
|
0-0: Called Strike 0-1: Fly out, F9 (Flyball, 89M)
|
Bottom of the 8th over - 0 run(s), 0 hit(s), 0 error(s), 1 left on base; Newark 5 - Penquannock 11 |
TOP OF THE 9TH |
Newark Bulldogs batting - Pitching for Penquannock Overrated Jeter : RHP Javier González
|
Batting: RHB Leonardo Pinto
|
0-0: Fly out, F9 (Flyball, 89M)
|
Batting: RHB Carl Byrd
|
0-0: Fly out, F7 (Flyball, 7S)
|
Batting: RHB Randy Simons
|
0-0: Ball 1-0: Foul Ball, location: 2F 1-1: Foul Ball, location: 2F 1-2: Foul Ball, location: 2F 1-2: Foul Ball, location: 2F 1-2: Ball 2-2: Foul Ball, location: 2F 2-2: Ball 3-2: Strikes out looking
|
Top of the 9th over - 0 run(s), 0 hit(s), 0 error(s), 0 left on base; Newark 5 - Penquannock 11 |
|